 Dungeon Crawl Stone Soup version 0.29.1-12-g30fa7ad0bf (webtiles) character file.

Game seed: 16411311067518327505

239 112233 the Grave Robber (level 6, -3/36 HPs)
             Began as an Octopode Necromancer on Dec 23, 2022.
             Slain by a killer bee (7 damage)
             ... on level 5 of the Dungeon.
             The game lasted 00:04:24 (5150 turns).

112233 the Grave Robber (Octopode Necromancer)      Turns: 5150, Time: 00:04:25

Health: -3/36      AC:  1    Str:  7    XL:     6   Next: 7%
Magic:  1/12       EV: 13    Int: 20    God:
Gold:   230        SH:  0    Dex: 12    Spells: 9/13 levels left

rFire   . . .      SeeInvis .   d - +2 dagger (venom)
rCold   . . .      Faith    .   (no shield)
rNeg    . . .      Spirit   .   (helmet restricted)
rPois   .          Reflect  .   (no amulet)
rElec   .          Harm     .   (no ring)
rCorr   .          Rampage  .   (no ring)
Will    .....                   (no ring)
Stlth   +++.......              (no ring)
HPRegen 0.12/turn               (no ring)
MPRegen 0.13/turn               (no ring)
                                (no ring)
                                (no ring)

@: lethally poisoned (-3 -> -13), very slightly contaminated
A: almost no armour, amphibious, 8 rings, camouflage 1, gelatinous body 1,
(nimble swimmer 1), tentacles
a: no special abilities


You were on level 5 of the Dungeon.
You visited 1 branch of the dungeon, and saw 5 of its levels.

You collected 230 gold pieces.

Inventory:

Hand Weapons
 d - a +2 dagger of venom (weapon)
Missiles
 m - 2 throwing nets
Jewellery
 e - a ring of magical power
 j - a +4 ring of evasion
 v - a +6 ring of strength
Wands
 l - a wand of mindburst (15)
 t - a wand of flame (16)
Scrolls
 b - 3 scrolls of immolation {unknown}
 c - 6 scrolls of identify {unknown}
 f - a scroll of blinking {unknown}
 g - a scroll of torment {unknown}
 i - 2 scrolls of noise {unknown}
 k - 2 scrolls of butterflies {unknown}
 n - 5 scrolls of teleportation {unknown}
 p - a scroll of enchant weapon {unknown}
 q - 2 scrolls of poison {unknown}
 r - a scroll of magic mapping {unknown}
 u - a scroll of amnesia {unknown}
Potions
 a - a potion of magic
 h - 2 potions of curing
 o - 2 potions of heal wounds {unknown}
 s - a potion of berserk rage {unknown}


   Skills:
 - Level 2.1 Dodging
 - Level 2.9 Stealth
 + Level 4.1 Spellcasting
 + Level 5.7 Necromancy


You had 9 spell levels left.
You knew the following spells:

 Your Spells              Type           Power      Damage    Failure   Level
a - Necrotise             Necr           100%       1d9       1%          1
b - Vampiric Draining     Necr           27%        2d7       3%          3

Your spell library contained the following spells:

 Spells                   Type           Power      Damage    Failure   Level
 Animate Dead             Necr           27%        N/A       12%         4
 Sandblast                Erth           8%         2d5       13%         1
 Passwall                 Tmut/Erth      3%         N/A       19%         2
 Agony                    Necr           27%        N/A       32%         5
 Stone Arrow              Conj/Erth      8%         3d7       36%         3
 Fireball                 Conj/Fire      2%         3d4       98%         5
 Iskenderun's Battlesphe  Conj           4%         2d6       98%         5
 Conjure Ball Lightning   Conj/Air       2%         3x3d6     100%        6
 Orb of Destruction       Conj           2%         9d5       100%        7


Dungeon Overview and Level Annotations

Branches:
Dungeon (5/15)
 Temple: D:4-7

Altars:
Cheibriados
Hepliaklqana
Qazlal

Annotations:
D:4 exclusion: 2 downstairs


Innate Abilities, Weirdness & Mutations

You cannot wear most types of armour.
You are amphibious.
You can wear up to eight rings at the same time.
Your skin changes colour to match your surroundings (Stealth+).
Your rubbery body absorbs attacks. (AC +1, EV +1)
((You are camouflaged when in or above water. (Stealth+)))
You have tentacles for arms and can constrict up to eight enemies at once.


Message History

You are very lightly contaminated with residual magic.
Nothing appears to happen.
The killer bee misses you. The jelly barely misses you.
Casting: Vampiric Draining (dangerous; 3% risk of failure)
Confirm with . or Enter, or press ? or * to list all spells.
Aiming: Necrotise (safe; 1% risk of failure)
Press: ? - help, Shift-Dir - straight line, f/p - jelly
Aim: a jelly (heavily wounded, chance to affect: 88%)
The jelly writhes in agony.
The jelly hits you.
You are splashed with acid!
The killer bee closely misses you.
Unknown command.
Casting: Necrotise (safe; 1% risk of failure)
Confirm with . or Enter, or press ? or * to list all spells.
Aiming: Necrotise (safe; 1% risk of failure)
Press: ? - help, Shift-Dir - straight line, f/p - jelly
Aim: a jelly (severely wounded, chance to affect: 88%)
The jelly writhes in agony.
The killer bee buzzes angrily.
You hear an angry buzzing noise.
The jelly hits you but does no damage. The killer bee stings you.
You are poisoned.
The killer bee poisons you!
You hit the jelly.
Your tentacles burn!
The jelly is almost dead.
You feel sick. The killer bee completely misses you. The killer bee stings you.
You are lethally poisoned!
The killer bee poisons you! The jelly barely misses you.
The killer bee misses you. The killer bee barely misses you.
Casting: Necrotise (safe; 1% risk of failure)
Confirm with . or Enter, or press ? or * to list all spells.
Aiming: Vampiric Draining (dangerous; 3% risk of failure)
Press: ? - help, Shift-Dir - straight line, f/p - jelly
Aim: a jelly (almost dead)
You draw life force from the jelly!
You kill the jelly!
* * * LOW HITPOINT WARNING * * *
You feel very sick. The killer bee stings you.
* * * LOW HITPOINT WARNING * * *
The killer bee stings you!
You die...

.. #.# ##.## ##...# #...$
.... # #.#.#####[...
#.#yy@....# #.#yy###### .
#.#..# y. # #.#..# ..y
#.##.#.y############ .S
#..........)<.......
#.#######.........#######
#....#....##.####.#
#.#....##.# #.#


You could see 5 killer bees.

Vanquished Creatures
  2 jellies
  2 orc priests
  A hound (D:4)
  5 adders
  An ufetubus (D:4)
  A worm (D:2)
  2 dart slugs
  9 orcs
  6 endoplasms
  2 giant cockroaches (D:1)
  3 hobgoblins
  2 jackals (D:4)
  2 quokkas
  8 ball pythons
  A bat (D:1)
  5 frilled lizards
  4 kobolds
  2 rats
58 creatures vanquished.

Vanquished Creatures (collateral kills)
  2 goblins (D:2)
2 creatures vanquished.

Grand Total: 60 creatures vanquished

Notes
Turn   | Place    | Note
-------+----------+-------------------------------------------
     0 | D:1      | 112233 the Octopode Necromancer began the quest for the
                  | Orb.
     0 | D:1      | Reached XP level 1. HP: 11/11 MP: 3/3
   265 | D:1      | Found a hazy altar of Hepliaklqana.
   301 | D:1      | Reached XP level 2. HP: 17/17 MP: 3/5
  1156 | D:2      | Reached XP level 3. HP: 21/21 MP: 0/6
  2296 | D:3      | Reached XP level 4. HP: 27/27 MP: 3/8
  2727 | D:3      | Found a stormy altar of Qazlal.
  2733 | D:3      | Learned a level 3 spell: Vampiric Draining
  2773 | D:3      | Found a hazy altar of Hepliaklqana.
  2808 | D:3      | You fall into a shaft and drop 2 floors!
  2808 | D:5      | Entered Level 5 of the Dungeon
  2827 | D:5      | Found a sand-covered staircase.
  2856 | D:5      | Noticed an ogre
  2876 | D:4      | Reached skill level 5 in Necromancy
  3108 | D:4      | Reached XP level 5. HP: 31/31 MP: 7/10
  3778 | D:3      | Found a snail-covered altar of Cheibriados.
  3780 | D:3      | Found a faded altar of an unknown god.
  4894 | D:5      | Noticed an ogre
  4943 | D:5      | Reached XP level 6. HP: 25/36 MP: 0/12
  5150 | D:5      | Slain by a killer bee

Illustrated notes

Levels and vault maps discovered:
D:1:      dpeg_arrival_water_altar, layout_basic, minmay_misc_feat_iff,
          dk_noncrumbling_3, minmay_misc_feat_columns, roderic_roman_lattice,
          minmay_cupped
D:2:      layout_basic, serial_corexii_hall, chequers_hall_statues_wall_a,
          corexii_hall_statues_i, minmay_misc_feat_x,
          chequers_serial_rivers_small_3
D:3:      layout_basic, nicolae_overflow_ecumenical_swirl,
          nicolae_qazlal_general_emergency, mainiacjoe_overflow_24_doors
D:4:      layout_basic
D:5:      layout_loops_ring, nicolae_ossuary_entry_plus,
          lightli_sewer_entry_pipes, grunt_decor_resistance

Skill      XL: |  1  2  3  4  5 |
---------------+----------------+-----
Spellcasting   | 3 4 |  4.1
Necromancy     | 5 |  5.7
Dodging        | |  2.1
Stealth        | |  2.9

Action                   |  1- 3 |  4- 6 || total
-------------------------+-------+-------++-------
Melee: Unarmed           |     2 |     7 ||     9
       Constrict         |     1 |     4 ||     5
       Tentacles         |     1 |     2 ||     3
       Dagger            |       |     3 ||     3
 Cast: Necrotise         |    74 |    61 ||   135
       Vampiric Draining |       |     2 ||     2
  Use: Potion            |       |     2 ||     2
Armor: Skin              |     3 |     5 ||     8
Dodge: Dodged            |     7 |    33 ||    40
